AoeStats
← CORP | Diego_Corsant

Arabia

510055966Analyzed
1v1 RM · 1d ago on Sep 29, 2026· 62m 27s· 2 players
Game mode
Random Map
Map size
Tiny (2 player)
Population
200
Speed
Normal
Resources
Standard
Victory
Conquest
Starting age
Dark Age
Ending age
Imperial Age
RankedLock teamsTeams togetherTeam positionsShared explorationLock speedFull tech treeHidden civsTurbo modeCheats
Victory
Defeat
🇩🇪 Georgians · Germany
1620
+19
🇺🇸 Hindustanis · United States
1684
-19
Gustav
5:30 Loom
8:13 Feudal Age
9:30 Double-Bit Axe
19:11 Castle Age
17:42 Gold Mining
17:34 Horse Collar
18:34 Fletching
19:16 Padded Archer Armor
20:04 Bodkin Arrow
20:48 Bow Saw
21:39 Leather Archer Armor
22:56 Heavy Plow
23:42 Scale Barding Armor
24:08 Forging
23:50 Stone Mining
24:39 Wheelbarrow
24:58 Pikeman
25:38 Squires
25:40 Scale Mail Armor
29:47 Hand Cart
31:37 Ballistics
32:56 Town Watch
33:47 Bloodlines
33:37 Husbandry
34:29 Chain Barding Armor
38:38 Imperial Age
40:59 Bracer
42:42 Stone Shaft Mining
44:00 Plate Barding Armor
44:58 Chemistry
45:16 Iron Casting
46:00 Conscription
45:57 Chain Mail Armor
45:30 Gambesons
47:36 Blast Furnace
45:58 Light Cavalry
47:53 Plate Mail Armor
47:35 Hussar
47:55 Heavy Cavalry Archer
48:43 Halberdier
49:19 Arson
50:48 Hoardings
51:42 Masonry
51:28 Murder Holes
53:09 Architecture
52:13 Man-at-Arms
53:20 Aznauri Cavalry
54:17 Fortified Wall
53:55 Long Swordsman
55:19 Parthian Tactics
55:09 Svan Towers
55:43 Elite Skirmisher
55:43 Crossbowman
57:46 Two-Handed Swordsman
58:26 Champion
61:32 Cavalier
CORP | Diego_Corsant
5:35 Loom
8:11 Feudal Age
20:42 Castle Age
18:46 Double-Bit Axe
20:38 Wheelbarrow
20:52 Bloodlines
20:54 Light Cavalry
23:29 Scale Barding Armor
24:10 Husbandry
27:52 Elite Skirmisher
28:27 Fletching
29:29 Padded Archer Armor
31:28 Bodkin Arrow
34:04 Chain Barding Armor
35:51 Wheelbarrow
36:52 Forging
38:40 Horse Collar
39:20 Bow Saw
43:30 Imperial Age
44:05 Iron Casting
46:17 Plate Barding Armor
45:11 Heavy Camel Rider
47:30 Blast Furnace
49:49 Hussar
49:54 Imperial Camel Rider
53:06 Hussar
55:25 Chemistry
56:22 Bracer
58:07 Ballistics
58:03 Leather Archer Armor
Connection lost

Rejoining the realm…

Still unreachable

The connection could not be restored.

Session expired

The server has moved on; the page needs a fresh start.